AoeStats
← Shaggy

Arena

510857978Analyzed
2v2 RM · 1d ago on Oct 2, 2026· 171m 53s· 4 players
Game mode
Random Map
Map size
Medium (4 player)
Population
200
Speed
Normal
Resources
Standard
Victory
Conquest
Starting age
Dark Age
Ending age
Imperial Age
RankedLock teamsTeams togetherTeam positionsShared explorationLock speedFull tech treeHidden civsTurbo modeCheats
Victory
Defeat
🇨🇱 Britons · Chile
971
+17
🇺🇸 Turks · United States
945
+18
🇩🇪 Spanish · Germany
1000
-52
🇩🇪 Teutons · Germany
1000
-55
Brockkidd
2:39 Loom
11:32 Feudal Age
16:05 Castle Age
13:54 Horse Collar
20:17 Fervor
21:25 Wheelbarrow
21:09 Gold Mining
21:23 Double-Bit Axe
22:44 Heavy Plow
23:33 Bow Saw
24:31 Sanctity
27:42 Fortified Wall
28:46 Stone Mining
32:37 Imperial Age
31:23 Masonry
31:09 Fletching
31:45 Hand Cart
31:23 Town Watch
31:58 Redemption
32:17 Murder Holes
33:12 Gold Shaft Mining
33:39 Artillery
35:22 Bombard Tower
37:33 Conscription
39:26 Architecture
38:38 Treadmill Crane
45:22 Two-Man Saw
46:27 Elite Janissary
47:30 Bodkin Arrow
51:35 Bracer
51:36 Padded Archer Armor
51:47 Forging
51:42 Scale Barding Armor
56:06 Iron Casting
55:52 Chain Barding Armor
55:47 Leather Archer Armor
56:09 Hoardings
58:08 Bloodlines
58:39 Theocracy
59:24 Husbandry
62:25 Blast Furnace
62:01 Plate Barding Armor
61:57 Ring Archer Armor
74:02 Town Patrol
77:20 Ballistics
88:50 Scale Mail Armor
104:01 Heavy Camel Rider
105:01 Chain Mail Armor
141:19 Caravan
157:55 Spies/Treason
Shaggy
9:26 Loom
11:12 Feudal Age
17:56 Castle Age
16:18 Double-Bit Axe
20:48 Wheelbarrow
30:12 Imperial Age
28:53 Bow Saw
29:30 Hand Cart
30:14 Crossbowman
30:48 Fletching
30:58 Padded Archer Armor
30:54 Arbalester
32:02 Ballistics
32:47 Chemistry
34:06 Two-Man Saw
34:02 Yeomen
44:59 Onager
45:36 Onager
67:49 Bodkin Arrow
68:11 Leather Archer Armor
70:03 Bracer
kraeuterlumpen
11:03 Feudal Age
21:28 Castle Age
19:39 Double-Bit Axe
21:33 Gold Mining
21:28 Horse Collar
23:00 Bow Saw
22:43 Stone Mining
25:25 Wheelbarrow
27:48 Fortified Wall
29:44 Ballistics
30:14 Hand Cart
29:48 Town Watch
30:05 Murder Holes
30:40 Loom
31:52 Masonry
31:47 Heavy Plow
32:26 Stone Shaft Mining
33:00 Forging
32:50 Scale Mail Armor
32:55 Scale Barding Armor
32:40 Fletching
33:28 Town Patrol
34:44 Iron Casting
34:10 Padded Archer Armor
38:18 Imperial Age
37:43 Chain Mail Armor
37:49 Chain Barding Armor
37:24 Bodkin Arrow
37:47 Leather Archer Armor
42:10 Chemistry
44:55 Elite Conquistador
51:52 Hoardings
52:45 Two-Man Saw
53:37 Bombard Tower
54:35 Blast Furnace
54:05 Plate Mail Armor
54:10 Plate Barding Armor
55:19 Plate Barding Armor
54:46 Bracer
55:17 Ring Archer Armor
96:32 Pikeman
96:32 Man-at-Arms
97:13 Squires
96:58 Arson
96:59 Gambesons
97:59 Guard Tower
98:04 Arrowslits
98:51 Architecture
97:53 Halberdier
97:53 Long Swordsman
104:20 Caravan
104:51 Coinage
104:31 Guilds
128:10 Banking
134:47 Light Cavalry
Dagger 1 Bravo
21:18 Feudal Age
23:48 Wheelbarrow
23:07 Gold Mining
23:07 Stone Mining
23:58 Horse Collar
25:48 Double-Bit Axe
31:18 Castle Age
33:11 Hand Cart
33:36 Stone Shaft Mining
33:20 Bow Saw
33:15 Heavy Plow
35:12 Pikeman
35:14 Crossbowman
68:53 Imperial Age
69:11 Halberdier
69:14 Cavalier
70:14 Forging
70:05 Scale Mail Armor
70:10 Scale Barding Armor
69:56 Fletching
70:06 Padded Archer Armor
70:44 Crop Rotation
71:19 Two-Man Saw
70:55 Masonry
70:36 Heated Shot
71:07 Ballistics
70:59 Fortified Wall
70:39 Guard Tower
76:17 Iron Casting
75:57 Chain Mail Armor
76:02 Chain Barding Armor
75:39 Bodkin Arrow
76:00 Leather Archer Armor
75:58 Caravan
79:00 Paladin
89:12 Blast Furnace
88:42 Plate Mail Armor
88:48 Plate Barding Armor
88:43 Ring Archer Armor
88:53 Coinage
88:22 Town Watch
88:35 Town Watch
92:25 Keep
92:34 Banking
97:11 Heavy Scorpion
166:40 Arrowslits
167:06 Clinker Construction
167:02 Siege Engineers
171:32 Carvel Hull
Connection lost

Rejoining the realm…

Still unreachable

The connection could not be restored.

Session expired

The server has moved on; the page needs a fresh start.